 Dungeon Crawl Stone Soup version 0.32-a0-132-g2d33c3cfaf (webtiles) character file.

Game seed: 1756903749309655689

1070 Bravepunisher the Demolition Spriggan (level 8, -11/42 HPs)
             Began as a Spriggan Monk on Feb 9, 2024.
             Was an Elder of Makhleb.
             Mangled by a wyvern (15 damage)
             ... on level 7 of the Dungeon.
             The game lasted 00:13:33 (5242 turns).

Bravepunisher the Demolition Spriggan (SpMo)        Turns: 5242, Time: 00:13:33

Health: -11/42     AC:  7    Str:  7    XL:     8   Next: 7%
Magic:  14/14      EV: 20    Int: 11    God:    Makhleb [****..]
Gold:   407        SH:  0    Dex: 20    Spells: 7/7 levels left

rFire   . . .        h - +3 dagger
rCold   . . .        (no shield)
rNeg    . . .        b - +0 robe
rPois   .            u - +1 hat
rElec   .            (no cloak)
rCorr   .            (gloves unavailable)
SInv    +            (boots unavailable)
Will    +....        (no amulet)
Stlth   ++           r - +4 ring of protection
HPRegen 0.27/turn    (no ring)
MPRegen 0.14/turn

%: no passive effects
@: very quick
A: very small, no large weapons, unfitting armour, see invisible, speed 3
a: Renounce Religion, Minor Destruction, Lesser Servant of Makhleb, Major
Destruction


You were on level 7 of the Dungeon.
You worshipped Makhleb.
Makhleb was greatly pleased with you.
You visited 2 branches of the dungeon, and saw 8 of its levels.

You collected 407 gold pieces.

Inventory:

Hand Weapons
 h - a +3 dagger (weapon)
Armour
 b - a +0 robe (worn)
 u - a +1 hat (worn)
Jewellery
 a - a ring of fire
 r - a +4 ring of protection (left hand)
 x - a ring of wizardry
Wands
 p - a wand of paralysis (9)
 w - a wand of iceblast (6)
Scrolls
 d - 6 scrolls of identify {unknown}
 e - a scroll of enchant armour {unknown}
 f - 3 scrolls of teleportation {unknown}
 g - 2 scrolls of amnesia {unknown}
 j - a scroll of acquirement {unknown}
 m - a scroll of noise {unknown}
 o - 2 scrolls of blinking {unknown}
 t - a scroll of fog {unknown}
 y - a scroll of vulnerability {unknown}
Potions
 c - 3 potions of ambrosia
 i - a potion of degeneration {unknown}
 k - 2 potions of attraction {unknown}
 l - 2 potions of brilliance {unknown}
 n - 3 potions of curing {unknown}
 q - a potion of enlightenment {unknown}
 s - a potion of lignification {unknown}
 v - a potion of resistance {unknown}


   Skills:
 + Level 4.4 Fighting
 - Level 3.2 Short Blades
 - Level 4.8 Dodging
 * Level 7.9 Invocations


You had 7 spell levels left.
You didn't know any spells.
Your spell library contained the following spells:

 Spells                   Type           Power      Damage    Failure   Level
 Shock                    Conj/Air       0%         1d3       34%         1
 Summon Ice Beast         Ice/Summ       0%         N/A       71%         3
 Swiftness                Air            0%         N/A       71%         3
 Airstrike                Air            0%         2d(0-16)  98%         4
 Summon Mana Viper        Hex/Summ       0%         N/A       100%        5
 Monstrous Menagerie      Summ           0%         N/A       100%        7


Dungeon Overview and Level Annotations

Branches:
Dungeon (7/15)             Temple (1/1) D:4

Altars:
Ashenzari
Cheibriados
Dithmenos
Fedhas
Gozag
Hepliaklqana
Kikubaaqudgha
Makhleb
Nemelex Xobeh
Okawaru
Qazlal
Ru
Sif Muna
Trog
Uskayaw
Wu Jian
Xom
Yredelemnul
Zin
The Shining One


Innate Abilities, Weirdness & Mutations

You are very small and have problems with some larger weapons.
You are too small for most types of armour.
You have supernaturally acute eyesight. (SInv)
You cover ground extremely quickly. (Speed+++)


Message History

The stone arrow hits the orc!!
You kill the orc!
Makhleb accepts your kill.
You feel better.
You now have 407 gold pieces (gained 14).
Items here: ( ))))) [[[ ††.
You see here a +0 whip.
z - a +0 whip You drop a +0 whip.
Items here: ( ))))) [[[ ††.
Okay, then.
A wyvern comes into view.
Aiming: Minor Destruction (0% risk of failure)
Press: ? - help, Shift-Dir - straight line, f - wyvern
Aim: a wyvern (wandering, hasn't noticed you)
The zap hits the wyvern.
The wyvern is lightly wounded.
The wyvern hisses angrily.
The wyvern completely misses you.
Aiming: Minor Destruction (0% risk of failure)
Press: ? - help, Shift-Dir - straight line, f/p - wyvern
Aim: a wyvern The glob of acid hits the wyvern!
The acid corrodes the wyvern!
The wyvern is moderately wounded.
The wyvern bites you.
Unknown command.
Aiming: Minor Destruction (0% risk of failure)
Press: ? - help, Shift-Dir - straight line, f/p - wyvern
Aim: a wyvern (moderately wounded, covered in acid)
The zap hits the wyvern!
The wyvern is severely wounded.
The wyvern bites you. The wyvern bites you!
* * * LOW HITPOINT WARNING * * *
The wyvern attacks as it pursues you!
The wyvern bites you but does no damage.
You see here a howler monkey corpse.
Okay, then.
There is a stone staircase leading up here.
The wyvern bites you!
You die...

### #.. #.#
#.#
#.#######
#@.......
#k#######
#.# #†#
#)#######
#).......
#......###>
..'......#
####......#


You could see a wyvern (corroded).

Vanquished Creatures
  A sky beast (D:6)
  2 ogres
  A scorpion (D:6)
  2 howler monkeys (D:7)
  An orc priest (D:7)
  3 bombardier beetles
  2 jellies (D:5)
  3 sleepcaps
  5 orc wizards
  13 adders
  4 gnolls (D:6)
  3 dart slugs
  2 ribbon worms (D:3)
  20 orcs
  9 ball pythons
  11 bats
  5 endoplasms
  8 giant cockroaches
  6 goblins
  9 hobgoblins
  A jackal (D:1)
  6 kobolds
  5 quokkas
  3 frilled lizards
  6 rats
131 creatures vanquished.

Notes
Turn   | Place    | Note
-------+----------+-------------------------------------------
     0 | D:1      | Bravepunisher the Spriggan Monk began the quest for the
                  | Orb.
     0 | D:1      | Reached XP level 1. HP: 11/11 MP: 2/2
   144 | D:1      | Reached XP level 2. HP: 13/16 MP: 3/3
   358 | D:3      | Noticed a bombardier beetle
   457 | D:4      | Found a staircase to the Ecumenical Temple.
   464 | Temple   | Entered the Ecumenical Temple
   472 | Temple   | Became a worshipper of Makhleb the Destroyer
   472 | Temple   | Reached * piety under Makhleb
   472 | Temple   | Reached ** piety under Makhleb
   500 | D:3      | Reached skill level 1 in Invocations
   500 | D:3      | Reached XP level 3. HP: 15/19 MP: 4/4
   731 | D:1      | Reached skill level 2 in Invocations
  1551 | D:2      | Reached XP level 4. HP: 14/23 MP: 5/7
  1613 | D:2      | Reached *** piety under Makhleb
  1672 | D:2      | Reached skill level 3 in Invocations
  1868 | D:3      | Found a stormy altar of Qazlal.
  1881 | D:3      | Found a blossoming altar of Fedhas.
  1951 | D:3      | Reached XP level 5. HP: 27/27 MP: 8/8
  2066 | D:3      | Reached skill level 4 in Invocations
  2509 | D:4      | Reached skill level 5 in Invocations
  2588 | D:4      | Reached XP level 6. HP: 31/32 MP: 10/10
  3411 | D:5      | Entered Level 5 of the Dungeon
  3430 | D:5      | Reached **** piety under Makhleb
  3675 | D:5      | Reached skill level 6 in Invocations
  3930 | D:5      | Reached XP level 7. HP: 34/36 MP: 12/12
  4405 | D:6      | Reached skill level 7 in Invocations
  5204 | D:7      | Reached XP level 8. HP: 39/42 MP: 14/14
  5242 | D:7      | Mangled by a wyvern

Illustrated notes

Levels and vault maps discovered:
D:1:      dpeg_arrival_ternary, layout_basic, minmay_misc_feat_five,
          st_stairs_8, minmay_heptomino_h4
D:2:      layout_basic
D:3:      layout_loops_ring, grunt_temple_overflow_forces_of_nature
D:4:      layout_basic, minmay_temple_entry_tees, gup_sewer_entry_glass,
          st_stairs_9
D:5:      layout_loops_ring, due_unseen_surprise
D:6:      layout_gridville
D:7:      layout_basic, nicolae_elyvilon_peaceful_grove,
          mainiacjoe_overflow_six_doors_small, uniq_crazy_yiuf_cottage
Temple:   regret_index_temple_mists

Skill      XL: |  1  2  3  4  5  6  7 |
---------------+----------------------+-----
Invocations    | 1 2 3 5 6 7 |  7.9
Fighting       | 3 4 |  4.4
Short Blades   | |  3.2
Dodging        | |  4.8

Action                     |  1- 3 |  4- 6 |  7- 9 || total
---------------------------+-------+-------+-------++-------
  Melee: Short sword       |    57 |       |       ||    57
         Punch             |     2 |     1 |       ||     3
         Dagger            |     1 |    35 |     2 ||    38
 Invoke: Minor Destruction |    73 |   138 |    78 ||   289
   Stab: Sleeping          |     1 |       |       ||     1
 Armour: Robe              |    22 |    16 |     9 ||    47
  Dodge: Dodged            |    90 |    37 |    17 ||   144

Table legend: (Time is in decaauts)
 A = Elapsed time spent in this place.
 B = Non-inter-level travel time spent in this place.
 C = Inter-level travel time spent in this place.
 D = Time resting spent in this place.
 E = Time spent auto-exploring this place.
 F = Levels seen in this place.
 G = Mean time per level.
                   A        B        C        D        E       F      G
               +--------+--------+--------+--------+--------+-----+--------+
         Total |   3707 |   3619 |     88 |      0 |   2828 |   8 |  463.4 |
       Dungeon |   3691 |   3610 |     81 |      0 |   2828 |   7 |  527.3 |
        Temple |     16 |     10 |      6 |      0 |      0 |   1 |   16.0 |
               +--------+--------+--------+--------+--------+-----+--------+

Top non-repeatable levels by time:
     D:4: 725 daAuts
     D:1: 713 daAuts
     D:6: 659 daAuts
     D:5: 580 daAuts
     D:3: 541 daAuts
     D:2: 414 daAuts
     D:7: 56 daAuts
  Temple: 16 daAuts
